 Dungeon Crawl Stone Soup version 0.26-a0-682-g294304f6e8 (webtiles) character file.

Game seed: 4247132693633476447

1395 DogServant the Spear-Bearer (level 8, -8/64 HPs)
             Began as a Merfolk Gladiator on Oct 20, 2020.
             Mangled by a wight
             ... wielding a cursed +5 halberd
              (15 damage)
             ... on level 6 of the Dungeon.
             The game lasted 00:14:53 (8202 turns).

DogServant the Spear-Bearer (Merfolk Gladiator)     Turns: 8202, Time: 00:14:54

Health: -8/64      AC:  9    Str: 16    XL:     8   Next: 68%
Magic:  8/8        EV: 14    Int: 13    God:
Gold:   206        SH:  0    Dex: 16    Spells: 7/7 levels left

rFire    . . .     SeeInvis .   a - +1 trident
rCold    . . .     Faith    .   (no shield)
rNeg     . . .     Spirit   .   E - +3 ring mail
rPois    +         Reflect  .   c - +0 helmet
rElec    .         Harm     .   (no cloak)
rCorr    .         Rampage  .   (no gloves)
MR       .....                  (no boots)
Stlth    +.........             (no amulet)
HPRegen  0.20/turn              D - +6 ring of intelligence
MPRegen  0.11/turn              o - ring of poison resistance

@: mighty, heavily drained
A: change form in water, swift swim, stealthy swim
a: no special abilities


You were on level 6 of the Dungeon.
You visited 1 branch of the dungeon, and saw 6 of its levels.

You collected 206 gold pieces.

Inventory:

Hand Weapons
 a - a +1 trident (weapon)
Missiles
 d - a throwing net
 y - 22 poisoned darts (quivered)
Armour
 b - a +1 scale mail
 c - a +0 helmet (worn)
 E - a +3 ring mail (worn)
Magical Staves
 u - an uncursed staff of conjuration {unknown}
Jewellery
 i - an uncursed ring of positive energy
 j - an uncursed amulet of regeneration {unknown}
 o - a ring of poison resistance (right hand)
 D - a +6 ring of intelligence (left hand)
Wands
 n - a wand of digging (9)
 t - a wand of polymorph (6)
 B - a wand of enslavement (6)
 C - a wand of flame (20)
Scrolls
 e - 3 scrolls of remove curse
 p - a scroll of enchant weapon
 w - a scroll of fog {unknown}
Potions
 h - a potion of invisibility
 m - a potion of brilliance
 v - a potion of cancellation
 A - a potion of flight {unknown}


   Skills:
 + Level 5.8(4.5) Fighting
 - Level 10.0(8.6) Polearms
 - Level 2.0(0.8) Throwing
 - Level 3.0(1.8) Armour
 + Level 6.9(5.6) Dodging
 + Level 2.3(1.1) Evocations


You had 7 spell levels left.
You didn't know any spells.
Your spell library was empty.

Dungeon Overview and Level Annotations

Branches:
Dungeon (6/15)
 Temple: D:4-7

Altars:
Ashenzari
Elyvilon
Gozag
Uskayaw
Zin

Annotations:
D:3 1 runed translucent door, Crazy Yiuf


Message History

You hit the wight.
The wight is almost destroyed.
The wight hits you but does no damage. The wight completely misses you.
You hit the wight.
You destroy the wight!
The wight hits you from afar with a cursed +5 halberd.
* * * LOW HITPOINT WARNING * * *
You feel drained.
* * * LOW HITPOINT WARNING * * *
Things that are here:
a +5 short sword; a +0 robe You hit the wight.
The wight is moderately damaged.
The wight hits you with a cursed +5 halberd.
* * * LOW HITPOINT WARNING * * *
You feel drained.
You barely miss the wight.
The wight is moderately damaged.
The wight hits you with a cursed +5 halberd!
You die...

### ...
#.#######
#...z.z..
#<# #z# #@#
#†# #...#
.......
#.#....P..
#.#..PP≈..#
#
#.≈P≈P≈P≈P
#.≈≈≈≈≈≈≈P
#.≈≈♣♣♣♣♣≈


You could see a wight.

Vanquished Creatures
  Grinder (D:5)
  Sigmund (D:5)
  An ice beast (D:5)
  A phantom (D:5)
  3 wights (D:6)
  A howler monkey (D:5)
  2 bullfrog zombies (D:5)
  A centaur zombie (D:5)
  A jelly (D:5)
  An orc priest (D:4)
  2 hounds
  2 iguanas
  Ijyb (D:5)
  Jessica (D:2)
  Terence (D:3)
  2 worker ants
  2 hound skeletons (D:4)
  12 adders
  3 gnolls (D:4)
  A white imp (D:4)
  An ufetubus (D:6)
  2 oozes
  An adder skeleton (D:2)
  4 worms
  2 leopard geckos (D:1)
  8 orcs
  3 giant cockroaches
  13 goblins
  8 hobgoblins
  4 jackals (D:1)
  8 kobolds
  5 ball pythons
  6 bats
  12 frilled lizards
  A quokka skeleton (D:2)
  7 rats
125 creatures vanquished.

Vanquished Creatures (others)
  5 plants (D:6)
  A withered plant (D:2)
6 creatures vanquished.

Grand Total: 131 creatures vanquished

Notes
Turn   | Place    | Note
-------+----------+-------------------------------------------
     0 | D:1      | DogServant the Merfolk Gladiator began the quest for the
                  | Orb.
     0 | D:1      | Reached XP level 1. HP: 16/16 MP: 1/1
   107 | D:1      | Reached XP level 2. HP: 8/23 MP: 2/2
   493 | D:1      | Reached skill level 5 in Polearms
   551 | D:1      | Reached XP level 3. HP: 29/29 MP: 3/3
  1412 | D:2      | Reached XP level 4. HP: 28/35 MP: 4/4
  1644 | D:2      | Noticed Jessica
  1661 | D:2      | Killed Jessica
  1661 | D:2      | Reached skill level 6 in Polearms
  1911 | D:3      | Reached XP level 5. HP: 31/41 MP: 5/5
  2062 | D:3      | Found a glowing silver altar of Zin.
  2154 | D:3      | Found an opulent altar of Gozag.
  2305 | D:3      | Reached skill level 5 in Dodging
  2521 | D:3      | Found a runed translucent door.
  2522 | D:3      | Noticed Crazy Yiuf
  2553 | D:3      | Noticed Terence
  2568 | D:3      | Killed Terence
  2568 | D:3      | Reached skill level 7 in Polearms
  3062 | D:3      | Reached XP level 6. HP: 48/48 MP: 6/6
  4063 | D:4      | Reached skill level 8 in Polearms
  5359 | D:4      | Reached skill level 9 in Polearms
  5359 | D:4      | Reached XP level 7. HP: 19/54 MP: 7/7
  6249 | D:5      | Entered Level 5 of the Dungeon
  6288 | D:5      | Found a broken altar of Ashenzari.
  6289 | D:5      | Noticed Ijyb
  6315 | D:5      | Killed Ijyb
  6676 | D:5      | Reached skill level 10 in Polearms
  6695 | D:5      | Found a hide-covered altar of Uskayaw.
  6789 | D:5      | Noticed Sigmund
  6857 | D:5      | Killed Sigmund
  6857 | D:5      | Reached skill level 1 in Armour
  7272 | D:5      | Noticed Grinder
  7282 | D:5      | Paralysed by Grinder for 3 turns
  7297 | D:5      | Paralysed by Grinder for 4 turns
  7306 | D:5      | Killed Grinder
  7306 | D:5      | Reached skill level 5 in Fighting
  7306 | D:5      | Reached XP level 8. HP: 57/62 MP: 8/8
  7391 | D:5      | Reached skill level 1 in Evocations
  7495 | D:5      | Found a white marble altar of Elyvilon.
  7864 | D:6      | HP: 3/63 [ogre/+0 giant club (4)]
  8202 | D:6      | Mangled by a wight

Illustrated notes

Levels and vault maps discovered:
D:1:      dpeg_arrival_long_road, layout_basic, minmay_heptomino_d4
D:2:      layout_rooms, serial_undead, serial_undead_d, serial_undead_a,
          serial_undead_e, serial_undead_f, uniq_jessica
D:3:      layout_basic, grunt_gozag_statues, nicolae_overflow_crystal_walls,
          uniq_terence, uniq_crazy_yiuf_cottage
D:4:      layout_gridville
D:5:      layout_loops_corners, lemuel_crystal_altar, evilmike_ruin_ashenzari,
          nrook_mini_vaults, elyvilon_altar_4, uniq_grinder, uniq_sigmund,
          uniq_ijyb
D:6:      layout_loops_ring, overflow_temple_1_default, serial_bayou,
          serial_bayou_shore_b, serial_bayou_shore_a, serial_bayou_pond_b,
          serial_bayou_pond_e, serial_bayou_pond_c, serial_shops,
          kennysheep_little_box

Skill      XL: |  1  2  3  4  5  6  7  8 |
---------------+-------------------------+-----
Polearms       | 5 6 7 9 10 | 10.0
Fighting       | 3 4 5 |  5.8
Dodging        | 5 6 |  6.9
Armour         | 2 3 |  3.0
Evocations     | 2 |  2.3
Throwing       | |  2.0

Action                   |  1- 3 |  4- 6 |  7- 9 || total
-------------------------+-------+-------+-------++-------
Melee: Trident           |   124 |   300 |   189 ||   613
       Unarmed           |       |       |     3 ||     3
Throw: Throwing net      |       |     6 |       ||     6
       Dart              |       |     7 |    11 ||    18
Evoke: Wand              |       |       |     6 ||     6
  Use: Potion            |     2 |     1 |    12 ||    15
       Scroll            |       |       |    12 ||    12
 Stab: Sleeping          |     1 |     2 |       ||     3
       Held in net/web   |       |     2 |       ||     2
Armor: Leather armour    |    33 |    31 |       ||    64
       Ring mail         |       |       |    21 ||    21
       Skin              |       |       |     7 ||     7
Dodge: Dodged            |    94 |   168 |    82 ||   344

Table legend: (Time is in decaauts)
 A = Elapsed time spent in this place.
 B = Non-inter-level travel time spent in this place.
 C = Inter-level travel time spent in this place.
 D = Time resting spent in this place.
 E = Time spent auto-exploring this place.
 F = Levels seen in this place.
 G = Mean time per level.
                   A        B        C        D        E       F      G
               +--------+--------+--------+--------+--------+-----+--------+
         Total |   8142 |   7942 |    200 |   1524 |   5191 |   6 | 1357.0 |
       Dungeon |   8142 |   7942 |    200 |   1524 |   5191 |   6 | 1357.0 |
               +--------+--------+--------+--------+--------+-----+--------+

Top non-repeatable levels by time:
     D:4: 2696 daAuts
     D:5: 1805 daAuts
     D:3: 1696 daAuts
     D:1: 1108 daAuts
     D:2: 746 daAuts
     D:6: 88 daAuts
